 Dungeon Sprint DCSS version 0.21.1-1-g345015f (webtiles) character file.

1103 johnjohn the Basher (level 8, -1/79 HPs)
             Began as a Hill Orc Fighter on May 13, 2018.
             Shot with an arrow by a centaur warrior (17 damage)
             ... in the Dungeon (Sprint I: "Red Sonja").
             The game lasted 00:04:04 (1280 turns).

johnjohn the Basher (Hill Orc Fighter)              Turns: 1280, Time: 00:04:04

Health: -1/79      AC: 12    Str: 21    XL:     8   Next: 32%
Magic:  8/8        EV:  8    Int:  8    God:
Gold:   276        SH: 12    Dex: 10    Spells: 7/7 levels left

rFire    . . .     SeeInvis .   a - +0 flail
rCold    . . .     Gourm    .   c - +0 shield
rNeg     . . .     Faith    .   l - +1 chain mail {rPois}
rPois    +         Spirit   .   (no helmet)
rElec    .         Reflect  .   (no cloak)
rCorr    .         Harm     .   (no gloves)
MR       .....     NoTele   +   (no boots)
Stlth    ..........             (no amulet)
HPRegen  0.23/turn              (no ring)
MPRegen  0.11/turn              (no ring)

@: no status effects
A: no striking features
a: no special abilities


You were in the Dungeon.
You were very hungry.

You visited 1 branch You collected 276 gold pieces.

Inventory:

Hand Weapons
 a - a +0 flail (weapon)
Armour
 b - a +0 scale mail
 c - a +0 shield (worn)
 l - a +1 chain mail of poison resistance (worn)
Potions
 d - a potion of might
 e - a potion of curing
 g - a potion of heal wounds
 h - a potion of haste
 i - 2 potions of magic
 j - a potion of berserk rage
 m - a potion of lignification {unknown}
Comestibles
 f - 2 rations


   Skills:
 + Level 10.1 Fighting
 + Level 10.5 Maces & Flails
 + Level 10.1 Armour
 + Level 2.7 Dodging
 + Level 0.2 Stealth
 + Level 10.1 Shields


You had 7 spell levels left.
You didn't know any spells.

Dungeon Overview and Level Annotations

Branches:
Dungeon (1/1)

Altars:
Makhleb
Sif Muna
Vehumet
Wu Jian
Xom
Jiyva
Lugonu


Message History

You see here 3 arrows.
The centaur warrior shoots an arrow.
The arrow hits you!
You hear a splash.
The centaur warrior shoots an arrow.
The arrow hits you!
You hear a splash.
You see here 2 arrows.
The centaur warrior shoots an arrow.
The arrow completely misses you.
You hear a splash.
The centaur warrior shoots an arrow.
The arrow hits you!
* * * LOW HITPOINT WARNING * * *
The centaur warrior shoots an arrow.
You block the arrow.
You hear a splash.
The centaur warrior shoots an arrow.
You block the arrow.
The centaur warrior shoots an arrow.
The arrow hits you!
* * * LOW HITPOINT WARNING * * *
You hear a splash.
You see here 3 arrows.
There is an open door here.
The centaur warrior shoots an arrow.
The arrow hits you!
You die...

##########################
#<.#..').#..'..#__#.[+s..#
#..').#..').#..'..'.)#s.s##+#
#..#####'#####'#__####.§.s..#
#..# #..# #.####c?#####..+
#..# #### ##.#§§§§§# ## #..#
#_@'§§§§§+ #⌠⌠# +..._#(§c..#
#### #_.#+##+#### ##+


You could see a centaur warrior.

Vanquished Creatures
  2 kobold demonologists (D)
  A slime creature (D)
  Sigmund (D)
  A floating eye (D)
  An ogre (D)
  A jelly (D)
  Ijyb (D)
8 creatures vanquished.

Notes
Turn   | Place    | Note
-------+----------+-------------------------------------------
     0 | D        | johnjohn the Hill Orc Fighter began the quest for the Orb.
     0 | D        | Reached XP level 1. HP: 19/19 MP: 1/1
     2 | D        | Noticed Ijyb
    13 | D        | Killed Ijyb
    13 | D        | Reached skill level 5 in Fighting
    13 | D        | Reached XP level 2. HP: 15/29 MP: 2/2
    13 | D        | Reached XP level 3. HP: 18/36 MP: 3/3
   168 | D        | Noticed an ogre
   178 | D        | Killed an ogre
   178 | D        | Reached XP level 4. HP: 2/45 MP: 4/4
   463 | D        | Noticed Sigmund
   487 | D        | Killed Sigmund
   487 | D        | Reached skill level 5 in Maces & Flails
   487 | D        | Reached skill level 1 in Dodging
   487 | D        | Reached XP level 5. HP: 29/56 MP: 5/5
   487 | D        | Reached XP level 6. HP: 32/62 MP: 6/6
   656 | D        | Found an ornate altar of the Wu Jian Council.
   656 | D        | Found a deep blue altar of Sif Muna.
   661 | D        | Found a radiant altar of Vehumet.
   717 | D        | Found a burning altar of Makhleb.
   717 | D        | Found a viscous altar of Jiyva.
   717 | D        | Found a shimmering altar of Xom.
   717 | D        | Found a corrupted altar of Lugonu.
   717 | D        | Noticed a slime creature
   733 | D        | Killed a slime creature
   733 | D        | Reached XP level 7. HP: 24/70 MP: 7/7
   971 | D        | Noticed a kobold demonologist
   972 | D        | Noticed a kobold demonologist
   975 | D        | Noticed a chaos spawn
   986 | D        | Noticed a chaos spawn
   988 | D        | Killed a kobold demonologist
   988 | D        | Reached XP level 8. HP: 78/79 MP: 8/8
   990 | D        | Noticed a rust devil
   996 | D        | Killed a kobold demonologist
   996 | D        | Reached skill level 10 in Fighting
   996 | D        | Reached skill level 10 in Maces & Flails
   996 | D        | Reached skill level 10 in Armour
   996 | D        | Reached skill level 10 in Shields
  1005 | D        | Noticed a demonic crawler
  1005 | D        | Noticed a demonic crawler
  1005 | D        | Noticed a demonic crawler
  1005 | D        | Noticed a demonic crawler
  1272 | D        | Noticed a centaur warrior
  1273 | D        | Noticed a centaur warrior
  1280 | D        | Shot with an arrow by a centaur warrior

Skill      XL: |  1  2  3  4  5  6  7  8 |
---------------+-------------------------+-----
Fighting       | 5 6 8 9 10 | 10.1
Armour         | 4 6 7 8 9 10 | 10.1
Shields        | 4 6 8 9 10 | 10.1
Maces & Flails | 3 5 7 9 10 | 10.5
Dodging        | 1 2 |  2.7
Stealth        | |  0.2

Action                   |  1- 3 |  4- 6 |  7- 9 || total
-------------------------+-------+-------+-------++-------
Melee: Flail             |    19 |    43 |    26 ||    88
  Use: Scroll            |       |       |     1 ||     1
Armor: Scale mail        |     3 |       |       ||     3
       Chain mail        |       |     7 |    21 ||    28
Dodge: Dodged            |     1 |     6 |    16 ||    23
Block: Shield            |    10 |    17 |    20 ||    47
